 Dungeon Crawl Stone Soup version 0.27-a0-1591-gc56fcc985a (webtiles) character file.

Game seed: 6251645570225667847

728 robertstho the Magician (level 7, -2/84 HPs)
             Began as a Demigod Fire Elementalist on July 19, 2021.
             Slain by an orc (7 damage)
             ... on level 6 of the Dungeon.
             The game lasted 00:07:16 (5857 turns).

robertstho the Magician (Demigod Fire Elementalist) Turns: 5857, Time: 00:07:17

Health: -2/84      AC: 23    Str:  9    XL:     7   Next: 20%
Magic:  17/17      EV:  2    Int: 25    God:
Gold:   212        SH:  0    Dex: 14    Spells: 3/16 levels left

rFire    + + .     SeeInvis .   c - +0 dagger (protect)
rCold    x . .     Faith    .   (no shield)
rNeg     + + +     Spirit   .   (armour currently unavailable)
rPois    +         Reflect  .   (helmet currently unavailable)
rElec    .         Harm     .   (cloak currently unavailable)
rCorr    .         Rampage  .   (gloves currently unavailable)
Will     .....     NoTele   +   (boots currently unavailable)
Stlth    ++........             (no amulet)
HPRegen  0.24/turn              p - ring of fire
MPRegen  0.15/turn              r - ring of protection from fire

@: tree-form, attractive
A: stationary, stasis, torment immunity, boosted hp, high mp 1, forlorn
a: no special abilities


You were on level 6 of the Dungeon.
You were a tree.
You visited 1 branch of the dungeon, and saw 6 of its levels.

You collected 212 gold pieces.

Inventory:

Hand Weapons
 c - a +0 dagger of protection (weapon)
Armour
 a - a +0 robe (melded)
 j - a +0 pair of gloves (melded)
Jewellery
 p - a ring of fire (left branch)
 r - a ring of protection from fire (right branch)
Wands
 b - a wand of iceblast (42)
Scrolls
 d - a scroll of fog
 g - a scroll of enchant armour
 h - a scroll of teleportation {unknown}
 i - a scroll of magic mapping {unknown}
 k - a scroll of enchant weapon {unknown}
 m - a scroll of immolation {unknown}
 n - a scroll of silence {unknown}
 o - a scroll of fear {unknown}
 q - 3 scrolls of amnesia {unknown}
Potions
 f - a potion of lignification


   Skills:
 * Level 2.7 Fighting
 + Level 2.4 Dodging
 + Level 2.2 Stealth
 * Level 5.0 Spellcasting
 + Level 2.6 Conjurations
 + Level 3.9 Fire Magic


You had 3 spell levels left.
You knew the following spells:

 Your Spells              Type           Power      Damage    Failure   Level
a - Foxfire               Conj/Fire      100%       2x1d9     2%          1
b - Conjure Flame         Conj/Fire      34%        6-21      6%          3
c - Sticky Flame          Conj/Fire      34%        2d5       22%         4
d - Fireball              Conj/Fire      17%        3d9       52%         5

Your spell library contained the following spells:

 Spells                   Type           Power      Damage    Failure   Level
 Corona                   Hex            6%         N/A       9%          1
 Inner Flame              Hex/Fire       24%        N/A       11%         3
 Ensorcelled Hibernation  Hex/Ice        12%        N/A       12%         2
 Tukima's Dance           Hex            6%         N/A       24%         3


Dungeon Overview and Level Annotations

Branches:
Dungeon (6/15)
 Temple: D:4-7


Innate Abilities, Weirdness & Mutations

You are a tree.
Your roots penetrate the ground, keeping you stationary.
You cannot be teleported.
You are immune to unholy pain and torment.
Your maximum health is greatly increased.
Your equipment is partially melded.
Your attributes grow dramatically as you level up.
You have an increased reservoir of magic. (+10% MP)
You shall have no god before yourself.


Message History

The vampire mosquito is covered in liquid flames!
The vampire mosquito burns!
The vampire mosquito barely misses you. The orc closely misses you.
The vampire mosquito burns!
The vampire mosquito bites you.
The vampire mosquito draws strength from your injuries!
The orc barely misses you.
The vampire mosquito burns!
The vampire mosquito stops burning.
The vampire mosquito misses you. The orc barely misses you.
The vampire mosquito bites you.
The vampire mosquito draws strength from your injuries!
The orc hits you from afar with a +0 trident.
Your magical contamination has completely faded away.
Aiming: Iceblast
Press: ? - help, Shift-Dir - straight line, p - vampire mosquito
Okay, then.
The vampire mosquito closely misses you.
The orc hits you from afar with a +0 trident.
* * * LOW HITPOINT WARNING * * *
The vampire mosquito bites you!
* * * LOW HITPOINT WARNING * * *
The vampire mosquito draws strength from your injuries!
The vampire mosquito closely misses you.
You see here a +0 leather armour.
It was a potion of lignification.
You turn into a tree.
Your +0 pair of gloves melds into your body.
Your +0 robe melds into your body.
Your roots penetrate the ground.
The vampire mosquito barely misses you.
The vampire mosquito bites you but does no damage.
The orc hits you but does no damage.
It was a potion of attraction.
You feel attractive to monsters.
The vampire mosquito bites you but does no damage.
The orc hits you but does no damage.
The vampire mosquito bites you but does no damage.
The orc hits you but does no damage.
It was a potion of magic.
Magic courses through your body. The vampire mosquito bites you.
* * * LOW HITPOINT WARNING * * *
The orc hits you from afar with a +0 trident!
You die...

#.. #.........#
#.###.........#
#...##.......##
#..##.....##
#....##### ##...#
####.###
############....#
..........oy♣.###
##.....####..#
#....##§§##.##
#....#§§§R#..#
#...########.#
##...#..._..#.#
#..###........#
#.)## #........#
#.## ##.._..###


You could see a vampire mosquito and an orc (fast).

Vanquished Creatures
  A necrophage (D:6)
  An ogre (D:3)
  2 centaurs
  A bullfrog zombie (D:6)
  A bullfrog skeleton (D:6)
  A centaur zombie (D:5)
  A hound (D:5)
  A gnoll shaman (D:5)
  2 iguanas (D:5)
  4 adders
  8 gnolls
  An adder skeleton (D:4)
  3 worms
  2 dart slugs
  7 orcs
  5 endoplasms
  2 giant cockroaches
  4 goblins
  8 hobgoblins
  7 jackals
  3 quokkas
  11 ball pythons
  6 bats
  3 frilled lizards
  A jackal skeleton (D:4)
  3 kobolds (D:1)
  5 rats
94 creatures vanquished.

Vanquished Creatures (others)
  443 foxfires
443 creatures vanquished.

Grand Total: 537 creatures vanquished

Notes
Turn   | Place    | Note
-------+----------+-------------------------------------------
     0 | D:1      | robertstho the Demigod Fire Elementalist began the quest
                  | for the Orb.
     0 | D:1      | Reached XP level 1. HP: 14/14 MP: 5/5
   431 | D:1      | Reached skill level 2 in Spellcasting
   505 | D:1      | Reached XP level 2. HP: 20/20 MP: 2/7
  1045 | D:1      | Reached skill level 1 in Conjurations
  1482 | D:2      | Reached XP level 3. HP: 22/27 MP: 9/9
  2367 | D:2      | Reached skill level 1 in Fighting
  2634 | D:3      | Reached XP level 4. HP: 31/35 MP: 6/11
  2845 | D:3      | Noticed an ogre
  2853 | D:3      | Killed an ogre
  2854 | D:3      | Reached skill level 3 in Spellcasting
  2854 | D:3      | Reached XP level 5. HP: 15/40 MP: 5/13
  4815 | D:5      | Entered Level 5 of the Dungeon
  4927 | D:4      | Learned a level 3 spell: Conjure Flame
  4932 | D:4      | Learned a level 4 spell: Sticky Flame
  4968 | D:5      | Reached XP level 6. HP: 48/48 MP: 10/15
  4975 | D:5      | Reached skill level 4 in Spellcasting
  5782 | D:6      | Learned a level 5 spell: Fireball
  5800 | D:6      | Noticed a shadow
  5832 | D:6      | Noticed a vampire mosquito
  5840 | D:6      | Reached XP level 7. HP: 33/56 MP: 10/17
  5847 | D:6      | Reached skill level 5 in Spellcasting
  5857 | D:6      | Slain by an orc

Illustrated notes

Levels and vault maps discovered:
D:1:      shiori_arrival_elements, layout_basic, chequers_ecumenical_altar_lobes
D:2:      layout_loops_ring
D:3:      layout_basic
D:4:      layout_layer_cave, nicolae_tso_swordbearing_angel, feat_on_display
D:5:      layout_cave_pools, cheibrodos_ashenzari_chains,
          chequers_temple_overflow_statue_of_worship
D:6:      layout_rooms, riverfiend_overflow_shadow_ancestor,
          minmay_temple_entry_crystal_x, st_stairs_4

Skill      XL: |  1  2  3  4  5  6  7 |
---------------+----------------------+-----
Spellcasting   | 2 3 4 5 |  5.0
Fire Magic     | 3 |  3.9
Conjurations   | 1 2 |  2.6
Stealth        | 2 |  2.2
Fighting       | 1 2 |  2.7
Dodging        | 2 |  2.4

Action                   |  1- 3 |  4- 6 |  7- 9 || total
-------------------------+-------+-------+-------++-------
Melee: Dagger            |    18 |     5 |       ||    23
 Cast: Foxfire           |   108 |   156 |     3 ||   267
       Sticky Flame      |       |     1 |     1 ||     2
  Use: Scroll            |     3 |     1 |       ||     4
       Potion            |       |       |     3 ||     3
 Stab: Sleeping          |     1 |       |       ||     1
Armor: Robe              |    13 |    10 |     2 ||    25
       Skin              |       |       |     6 ||     6
Dodge: Dodged            |    29 |    17 |    14 ||    60

Table legend: (Time is in decaauts)
 A = Elapsed time spent in this place.
 B = Non-inter-level travel time spent in this place.
 C = Inter-level travel time spent in this place.
 D = Time resting spent in this place.
 E = Time spent auto-exploring this place.
 F = Levels seen in this place.
 G = Mean time per level.
                   A        B        C        D        E       F      G
               +--------+--------+--------+--------+--------+-----+--------+
         Total |   5857 |   5689 |    168 |    278 |   4744 |   6 |  976.2 |
       Dungeon |   5857 |   5689 |    168 |    278 |   4744 |   6 |  976.2 |
               +--------+--------+--------+--------+--------+-----+--------+

Top non-repeatable levels by time:
     D:4: 1554 daAuts
     D:1: 1468 daAuts
     D:2: 1042 daAuts
     D:3: 953 daAuts
     D:5: 696 daAuts
     D:6: 142 daAuts
